 Dungeon Crawl Stone Soup version 0.23-a0-565-g3e74e4c (webtiles) character file.

6090 nikopol the Cleaver (level 10, -5/202 HPs)
             Began as a Hill Orc Fighter on Dec 13, 2018.
             Was a Priest of Okawaru.
             Slain by a thrashing horror (7 damage)
             ... on level 10 of the Dungeon.
             The game lasted 00:18:32 (9189 turns).

nikopol the Cleaver (Hill Orc Fighter)              Turns: 9189, Time: 00:18:33

Health: -5/202     AC: 25    Str: 28    XL:     10   Next: 88%
Magic:  10/10      EV:  2    Int:  8    God:    Okawaru [***...]
Gold:   503        SH: 11    Dex: 10    Spells: 9/9 levels left

rFire    . . .     SeeInvis .   a - +0 war axe
rCold    . . .     Gourm    .   c - +0 shield
rNeg     + + +     Faith    .   (armour currently unavailable)
rPois    +         Spirit   .   (helmet currently unavailable)
rElec    .         Reflect  .   (cloak currently unavailable)
rCorr    +         Harm     .   (gloves currently unavailable)
MR       .....     NoTele   +   (boots currently unavailable)
Stlth    ..........             (no amulet)
HPRegen  0.43/turn              (no ring)
MPRegen  0.12/turn              D - ring of resist corrosion

@: mighty, berserking, tree-form, very quick
A: no striking features
a: Heroism, Renounce Religion


You were on level 10 of the Dungeon.
You worshipped Okawaru.
Okawaru was most pleased with you.
You were near starving.
You were a tree.
You visited 2 branches of the dungeon, and saw 11 of its levels.
You visited the Abyss 1 time.

You collected 503 gold pieces.

Inventory:

Hand Weapons
 a - a +0 war axe (weapon)
 v - a +2 mace of holy wrath
Armour
 b - a +0 scale mail
 c - a +0 shield (worn)
 u - the +3 ring mail "Gostir" (melded) {rF+ rN+ Str+3}
   (You took it off an orc on level 3 of the Dungeon)

   It affects your strength (+3).
   It protects you from fire.
   It protects you from negative energy.
 x - a +0 cloak of invisibility (melded)
 y - a +0 pair of gloves (melded)
Jewellery
 D - a ring of resist corrosion (right branch)
Wands
 j - a wand of polymorph (10)
Scrolls
 e - 4 scrolls of magic mapping {unknown}
 g - 5 scrolls of teleportation {unknown}
 l - 4 scrolls of remove curse {unknown}
 m - 3 scrolls of enchant armour {unknown}
 p - 7 scrolls of identify
 q - 2 scrolls of fear {unknown}
 r - 2 scrolls of immolation {unknown}
 B - a scroll of blinking {unknown}
 C - a scroll of summoning {unknown}
 G - a scroll of enchant weapon {unknown}
Potions
 d - a potion of might
 h - a potion of haste {unknown}
 i - 4 potions of flight
 k - a potion of lignification
 n - a potion of berserk rage
 o - 2 potions of heal wounds {unknown}
 s - a potion of mutation {unknown}
 t - 3 potions of curing
 w - 2 potions of cancellation {unknown}
 z - a potion of brilliance {unknown}
 A - a potion of agility {unknown}
 E - a potion of resistance {unknown}
 F - a potion of ambrosia {unknown}
Comestibles
 f - 16 rations


   Skills:
 + Level 8.5 Fighting
 * Level 14.8 Axes
 + Level 6.0 Armour
 + Level 3.1 Dodging
 + Level 0.9 Stealth
 + Level 7.3 Shields


You had 9 spell levels left.
You didn't know any spells.
Your spell library contained the following spells:

 Spells                   Type           Power        Failure   Level  Hunger
 Corona                   Hex            #......      75%         1    ##.....
 Shock                    Conj/Air       #...         75%         1    ##.....
 Ensorcelled Hibernation  Hex/Ice        #.....       87%         2    ###....
 Swiftness                Chrm/Air       #.......     87%         2    ###....
 Confuse                  Hex            #.......     98%         3    ####...
 Dazzling Spray           Conj/Hex       #.....       98%         3    ####...
 Static Discharge         Conj/Air       #.......     98%         3    ####...
 Tukima's Dance           Hex            #.......     98%         3    ####...
 Airstrike                Air            #.........   100%        4    #####..
 Lightning Bolt           Conj/Air       #.........   100%        5    ######.


Dungeon Overview and Level Annotations

Branches:
Dungeon (10/15)            Temple (1/1) D:6            Lair (0/6) D:9
    Orc (0/2) D:9

Altars:
Dithmenos
Elyvilon
Fedhas
Gozag
Hepliaklqana
Kikubaaqudgha
Makhleb
Nemelex Xobeh
Okawaru
Ru
Sif Muna
Trog
Uskayaw
Vehumet
Xom
Zin
The Shining One
Beogh

Shops:
D:6 (   D:8 (   D:9 [

Annotations:
D:10 Sonja


Message History

You block the thrashing horror's attack. x2
The thrashing horror tramples you but does no damage.
A red film seems to cover your vision as you go berserk!
You feel yourself moving faster!
You feel mighty!
You block the thrashing horror's attack. x2
The thrashing horror tramples you.
* * * LOW HITPOINT WARNING * * *
The thrashing horror tramples you but does no damage.
You barely miss the thrashing horror.
The thrashing horror is heavily damaged.
You slash the thrashing horror!
The thrashing horror is severely damaged.
The thrashing horror churns violently!
The thrashing horror seems to grow stronger.
Sonja plants her feet in a plie.
The thrashing horror tramples you but does no damage. x2
You slash the thrashing horror!
The thrashing horror is almost destroyed.
The thrashing horror tramples you!
You die...

#### ..(# ##.# #.#
##.############ #####
..............###...#
##.##(#####...KX♣.#.#
#.#...## #...###...#
#..(...# ##### ##.##
...#...## ####.#####
#####.## #........#
#.# #.##.###.# #.#
#.##|# #)# #+#
###.##.# #†#
##......# #.#


You could see a thrashing horror and Sonja.

Vanquished Creatures
  2 two-headed ogres (D:9)
  A death yak (D:8)
  Pikel (D:6)
  A troll (D:9)
  A wyvern (D:9)
  A water moccasin (D:7)
  2 porcupines (D:9)
  2 black bears
  3 ice beasts
  2 sky beasts
  A slave (D:6)
  3 ogres
  5 centaurs
  3 bullfrogs
  2 small abominations (Abyss:1)
  The ghost of Duffy the Shield-Bearer, a weakling NaFi (D:3)
  A howler monkey (D:4)
  8 crimson imps
  5 hounds
  2 orc priests
  2 bullfrog skeletons
  2 bullfrog zombies
  4 orc wizards
  Jessica (D:2)
  2 centaur skeletons
  5 iguanas
  5 worker ants
  A hound zombie (D:7)
  2 hound skeletons
  5 gnolls
  16 adders
  A howler monkey skeleton (D:5)
  2 river rats (D:9)
  5 shadow imps
  2 oozes
  A worm (D:2)
  4 dart slugs
  4 leopard geckos
  27 orcs
  3 ball pythons
  6 giant cockroaches
  8 goblins
  12 hobgoblins
  5 jackals
  9 kobolds
  6 quokkas
  9 bats
  10 frilled lizards
  A jackal zombie (D:7)
  A quokka skeleton (D:7)
  11 rats
219 creatures vanquished.

Notes
Turn   | Place    | Note
-------+----------+-------------------------------------------
     0 | D:1      | nikopol the Hill Orc Fighter began the quest for the Orb.
     0 | D:1      | Reached XP level 1. HP: 19/19 MP: 1/1
   251 | D:1      | Reached XP level 2. HP: 25/27 MP: 2/2
   421 | D:1      | Reached skill level 3 in Axes
   426 | D:1      | Reached XP level 3. HP: 33/33 MP: 3/3
  1278 | D:2      | Reached XP level 4. HP: 40/40 MP: 4/4
  1379 | D:2      | Noticed Jessica
  1387 | D:2      | Killed Jessica
  1583 | D:2      | Reached skill level 4 in Axes
  1885 | D:2      | Reached XP level 5. HP: 47/47 MP: 5/5
  2219 | D:3      | Reached skill level 5 in Fighting
  2742 | D:3      | Found an ancient bone altar of Kikubaaqudgha.
  3037 | D:3      | Found a runed gate.
  3038 | D:3      | Noticed Duffy's ghost (weakling NaFi)
  3039 | D:3      | Identified the +3 ring mail "Gostir" {rF+ rN+ Str+3}
  3041 | D:3      | Found a runed gate.
  3041 | D:3      | Found a runed gate.
  3164 | D:3      | Found a roughly hewn altar of Beogh.
  3200 | D:3      | Killed Duffy's ghost
  3200 | D:3      | Reached skill level 5 in Axes
  3200 | D:3      | Reached XP level 6. HP: 22/56 MP: 6/6
  3729 | D:4      | Reached skill level 6 in Axes
  3773 | D:4      | Reached XP level 7. HP: 43/61 MP: 7/7
  3835 | D:4      | Reached skill level 7 in Axes
  3835 | D:4      | Reached skill level 1 in Dodging
  4424 | D:5      | Entered Level 5 of the Dungeon
  4646 | D:5      | Reached skill level 8 in Axes
  4660 | D:5      | Reached XP level 8. HP: 37/70 MP: 8/8
  4831 | D:5      | Reached skill level 5 in Shields
  4866 | D:5      | Reached skill level 9 in Axes
  5216 | D:6      | Reached skill level 10 in Axes
  5388 | D:6      | Found a staircase to the Ecumenical Temple.
  5398 | Temple   | Entered the Ecumenical Temple
  5408 | Temple   | Became a worshipper of Warmaster Okawaru
  5497 | D:6      | Found Fiopn's Antique Weapon Emporium.
  5698 | D:6      | Reached skill level 5 in Armour
  5745 | D:6      | Noticed Pikel
  5817 | D:6      | Killed Pikel
  5817 | D:6      | Reached * piety under Okawaru
  5817 | D:6      | Reached skill level 11 in Axes
  5817 | D:6      | Reached XP level 9. HP: 66/79 MP: 9/9
  5992 | D:7      | Found a bloodstained altar of Trog.
  6022 | D:7      | Reached ** piety under Okawaru
  6356 | D:7      | Reached skill level 12 in Axes
  7099 | D:8      | Found Kuaheun's Antique Weapon Emporium.
  7166 | D:9      | Noticed a two-headed ogre
  7176 | D:9      | Killed a two-headed ogre
  7176 | D:9      | Reached skill level 13 in Axes
  7176 | D:9      | Reached XP level 10. HP: 88/88 MP: 7/10
  7588 | D:9      | Found a staircase to the Lair.
  7588 | D:9      | Noticed a death yak
  7588 | D:9      | Noticed a death yak
  7603 | D:9      | Noticed a death yak
  7640 | D:8      | Killed a death yak
  7640 | D:8      | Reached *** piety under Okawaru
  7640 | D:8      | Reached skill level 14 in Axes
  7834 | D:9      | Found a staircase to the Orcish Mines.
  7891 | D:9      | HP: 4/88 [porcupine's spines (13)]
  8350 | D:9      | Found Duzaujugh's Armour Emporium.
  8408 | D:9      | Noticed a two-headed ogre
  8421 | D:9      | Killed a two-headed ogre
  8810 | D:10     | Entered Level 10 of the Dungeon
  8847 | D:10     | Noticed Sonja
  8861 | D:10     | Cast into level 1 of the Abyss (Sonja)
  9140 | Abyss:1  | Noticed a profane servitor
  9148 | Abyss:1  | Noticed a thrashing horror
  9160 | Abyss:1  | Noticed a worldbinder
  9164 | Abyss:1  | Noticed a black mamba
  9164 | Abyss:1  | Noticed a black mamba
  9168 | D:10     | Escaped the Abyss
  9182 | D:10     | HP: 3/90 [thrashing horror (5)]
  9183 | D:10     | HP: 1/90 [thrashing horror (2)]
  9189 | D:10     | Slain by a thrashing horror

Vault maps used:
D:1:      dpeg_arrival_rhombi, st_stairs_9, chequers_serial_rivers_small_a
D:2:      uniq_jessica
D:3:      minmay_diamond_boxcup, lemuel_round_altar, biasface_ghost_orc_armoury
D:4:      first_ration
D:6:      minmay_temple_entry_gardened_gates, serial_shops,
          nicolae_shop_behind_doors, uniq_pikel
D:7:      basic_altar
D:8:      serial_shops, shop
D:9:      dpeg_lair_monsters, orc_0_dummy, serial_shops, shop
D:10:     grunt_tengu_nest, corner_web_ring, minmay_misc_feat_square,
          uniq_sonja, uniq_gastronok, uniq_maurice
Temple:   dpeg_three_leaves_temple

Skill      XL: |  1  2  3  4  5  6  7  8  9 10 |
---------------+-------------------------------+-----
Fighting       | 4 5 6 7 8 |  8.5
Axes           | 3 4 5 6 8 11 13 14 | 14.8
Shields        | 4 5 6 7 |  7.3
Armour         | 4 5 6 |  6.0
Dodging        | 1 2 3 |  3.1
Stealth        | |  0.9

Action                   |  1- 3 |  4- 6 |  7- 9 | 10-12 || total
-------------------------+-------+-------+-------+-------++-------
Melee: War axe           |    83 |   208 |   350 |   126 ||   767
Invok: Heroism           |       |       |     1 |     1 ||     2
  Use: Potion            |       |     1 |       |     5 ||     6
       Scroll            |       |       |       |     1 ||     1
  Eat: Chunk             |     1 |     5 |    11 |     5 ||    22
       Ration            |       |     1 |       |       ||     1
Armor: Scale mail        |    34 |    76 |       |       ||   110
       Ring mail         |       |    11 |   140 |    56 ||   207
       Skin              |       |       |       |     6 ||     6
Dodge: Dodged            |    27 |    72 |   138 |    48 ||   285
Block: Shield            |    56 |   107 |   180 |    75 ||   418

Table legend:
 A = Non-vault XP
 B = Vault XP
 C = Vault XP percentage of total XP
 D = Non-vault monster count
 E = Vault monster count
 F = Vault count percentage of total count
                 A         B        C        D         E       F
            +---------+---------+-------+---------+---------+-------
      Total |    6800 |    1901 |  21.8 |     190 |      28 |  12.8
            +---------+---------+-------+---------+---------+-------
        D:1 |      65 |       3 |   4.4 |      29 |       2 |   6.5
        D:2 |      75 |      37 |  33.0 |      21 |       1 |   4.5
        D:3 |     105 |      99 |  48.5 |      21 |      15 |  41.7
        D:4 |     520 |       0 |   0.0 |      18 |       0 |   0.0
        D:5 |     876 |       0 |   0.0 |      30 |       0 |   0.0
        D:6 |     538 |     629 |  53.9 |      11 |       1 |   8.3
        D:7 |    1022 |       0 |   0.0 |      27 |       0 |   0.0
        D:8 |     604 |     821 |  57.6 |      18 |       1 |   5.3
        D:9 |    2872 |     312 |   9.8 |      12 |       8 |  40.0
       D:10 |       3 |       0 |   0.0 |       1 |       0 |   0.0
    Abyss:1 |     120 |       0 |   0.0 |       2 |       0 |   0.0
            +---------+---------+-------+---------+---------+-------
